 Dungeon Crawl Stone Soup version 0.21-a0-538-gd16b88a (webtiles) character file.

487 slep the Chopper (level 6, -3/69 HPs)
             Began as a Demonspawn Gladiator on Dec 16, 2017.
             Was a Follower of Okawaru.
             Slain by a hound (4 damage)
             ... on level 5 of the Dungeon.
             The game lasted 00:09:36 (3470 turns).

slep the Chopper (Demonspawn Gladiator)             Turns: 3470, Time: 00:09:37

Health: -3/69      AC:  5    Str: 20    XL:     6   Next: 89%
Magic:  6/6        EV: 14    Int:  9    God:    Okawaru [*.....]
Gold:   201        SH:  0    Dex: 18    Spells: 5/5 levels left

rFire    . . .     SeeInvis .   a - +0 war axe
rCold    . . .     Gourm    .   (no shield)
rNeg     . . .     Faith    .   b - +0 leather armour
rPois    .         Spirit   .   c - +0 helmet
rElec    .         Reflect  .   (no cloak)
rCorr    .         Harm     .   (no gloves)
MR       .....                  p - +0 pair of boots
Stlth    ..........             (no amulet)
HPRegen  0.21/turn              (no ring)
MPRegen  0.10/turn              (no ring)

@: berserking, lethally poisoned (-3 -> -3), very quick
A: talons 2, thin skeletal structure 1, demonic guardian 1
a: Heroism, Renounce Religion


You were on level 5 of the Dungeon.
You worshipped Okawaru.
Okawaru was aware of your devotion.
You were not hungry.

You visited 1 branch of the dungeon, and saw 6 of its levels.

You collected 201 gold pieces.

Inventory:

Hand Weapons
 a - a +0 war axe (weapon)
Missiles
 d - 3 throwing nets (quivered)
 n - 18 poisoned needles
Armour
 b - a +0 leather armour (worn)
 c - a +0 helmet (worn)
 p - a +0 pair of boots (worn)
Wands
 r - a wand of random effects (27)
Scrolls
 e - 11 scrolls of identify {unknown}
 h - 3 scrolls of amnesia {unknown}
 m - 2 scrolls of remove curse {unknown}
 o - 3 scrolls of immolation {unknown}
 s - a scroll of teleportation {unknown}
Potions
 g - a potion of berserk rage
 i - 2 potions of curing {unknown}
 j - 2 potions of heal wounds {unknown}
 l - 2 potions of lignification {unknown}
 t - a potion of brilliance {unknown}
 u - a potion of agility {unknown}
Comestibles
 f - 3 bread rations
 k - 5 fruits
 q - a royal jelly
 v - 7 chunks of flesh


   Skills:
 + Level 2.9 Fighting
 + Level 5.5 Axes
 + Level 2.2 Throwing
 + Level 1.9 Armour
 + Level 3.9 Dodging
 + Level 0.6 Stealth


You had 5 spell levels left.
You didn't know any spells.

Dungeon Overview and Level Annotations

Branches:
Dungeon (6/15)             Temple (0/1) D:5

Altars:
Dithmenos
Fedhas
Nemelex Xobeh
Okawaru
Sif Muna


Innate Abilities, Weirdness & Mutations

You have razor-sharp toenails.
You have a somewhat thin skeletal structure. (Dex +2, Stealth)
A weak demonic guardian rushes to your aid.


Message History

Your shadow imp disappears in a puff of smoke!
The hound closely misses you. The hound barely misses you.
An orc comes into view. It is wielding a short sword.
The orc shouts!
You hit the hound.
The hound is severely wounded.
The hound bites you.
* * * LOW HITPOINT WARNING * * *
The hound bites you.
* * * LOW HITPOINT WARNING * * *
You hit the hound.
The hound is almost dead.
You feel sick. The hound bites you.
* * * LOW HITPOINT WARNING * * *
The hound barely misses you.
An orc wizard comes into view. It is wielding a dagger.
It was a potion of berserk rage.
A red film seems to cover your vision as you go berserk!
You feel yourself moving faster!
You feel mighty! The hound bites you.
You die...

#...##...#...#...
#...# #...#.⌠.# .
....# #.###...#
...# #.........
... #..⌠..>..⌠.
##..........
#..###...#
#....#.⌠.# #.h@%#
..#
#o.o...........
##.............
#.............
#..##.........
#.. ..........
#..# ..........
#.. ...........


You could see a hound, an orc wizard and an orc.

Vanquished Creatures
  Edmund (D:6)
  2 howler monkeys (D:5)
  A hound (D:5)
  A centaur skeleton (D:4)
  An orc wizard (D:3)
  2 worker ants
  A hound skeleton (D:3)
  6 adders
  A shadow imp (D:5)
  3 oozes
  An adder skeleton (D:4)
  2 leopard geckos
  2 orcs (D:3)
  3 giant cockroaches
  11 goblins
  9 hobgoblins
  5 jackals
  A quokka (D:4)
  A ball python (D:4)
  10 bats
  4 frilled lizards
  5 kobolds
  7 rats
80 creatures vanquished.

Vanquished Creatures (collateral kills)
  A hound (D:4)
  A worker ant (D:4)
  An adder (D:5)
3 creatures vanquished.

Grand Total: 83 creatures vanquished

Notes
Turn   | Place    | Note
-------+----------+-------------------------------------------
     0 | D:1      | slep the Demonspawn Gladiator began the quest for the Orb.
     0 | D:1      | Reached XP level 1. HP: 16/16 MP: 1/1
   126 | D:2      | Gained mutation: You have sharp toenails. [demonic ancestry]
   126 | D:2      | Reached XP level 2. HP: 14/22 MP: 2/2
   247 | D:3      | Reached skill level 3 in Axes
   247 | D:3      | Gained mutation: A weak demonic guardian rushes to your aid. [demonic ancestry]
   247 | D:3      | Reached XP level 3. HP: 17/27 MP: 3/3
   355 | D:3      | Gained mutation: You have razor-sharp toenails. [demonic ancestry]
   355 | D:3      | Reached XP level 4. HP: 17/33 MP: 4/4
   398 | D:3      | Found a deep blue altar of Sif Muna.
   714 | D:3      | Found a shadowy altar of Dithmenos.
   808 | D:3      | Found a faded altar of an unknown god.
   886 | D:4      | Reached skill level 4 in Axes
   982 | D:4      | Reached XP level 5. HP: 22/39 MP: 5/5
  1026 | D:4      | Reached skill level 1 in Armour
  1114 | D:4      | Found a sparkling altar of Nemelex Xobeh.
  1248 | D:4      | Found a blossoming altar of Fedhas.
  1390 | D:4      | Found an iron altar of Okawaru.
  1397 | D:4      | Became a worshipper of Warmaster Okawaru
  3091 | D:4      | Gained mutation: You have a somewhat thin skeletal structure. (Dex +2, Stealth) [demonic ancestry]
  3091 | D:4      | Reached XP level 6. HP: 41/46 MP: 6/6
  3238 | D:4      | You fall through a shaft for 2 floors!
  3248 | D:6      | Noticed Edmund
  3264 | D:6      | Killed Edmund
  3410 | D:6      | Reached skill level 5 in Axes
  3427 | D:5      | Entered Level 5 of the Dungeon
  3427 | D:5      | Found a staircase to the Ecumenical Temple.
  3443 | D:5      | Reached * piety under Okawaru
  3469 | D:5      | HP: 1/46 [hound (4)]
  3470 | D:5      | Slain by a hound

Vault maps used:
D:1:      minmay_arrival_plants_in_alcoves
D:3:      lemuel_crystal_altar, overflow_temple_1_default, first_bread,
          chequers_ecumenical_altar_twisty
D:4:      gammafunk_temple_overflow_pools, nicolae_overflow_crystal_walls,
          minmay_fountain_box, hangedman_decor_opposing
D:5:      minmay_temple_entry_junction_2, nicolae_ossuary_entry_monument,
          st_stairs_5, nemelex_diamond_rough_becter, uniq_blork_the_orc
D:6:      uniq_edmund

Skill      XL: |  1  2  3  4  5  6 |
---------------+-------------------+-----
Dodging        | 3 |  3.9
Axes           | 3 4 5 |  5.5
Throwing       | 2 |  2.2
Armour         | 1 |  1.9
Fighting       | |  2.9
Stealth        | |  0.6

Action                   |  1- 3 |  4- 6 || total
-------------------------+-------+-------++-------
Melee: War axe           |    54 |   177 ||   231
       Kick              |     5 |    25 ||    30
Throw: Throwing net      |       |     1 ||     1
  Use: Potion            |       |     1 ||     1
 Stab: Sleeping          |       |     5 ||     5
  Eat: Chunk             |       |     8 ||     8
Armor: Leather armour    |    19 |    46 ||    65
Dodge: Dodged            |    40 |   131 ||   171

Table legend:
 A = Spawn XP
 B = Non-spawn XP
 C = Spawn XP percentage of total XP
 D = Spawn monster count
 E = Non-spawn monster count
 F = Spawn count percentage of total count
 G = Total turns spent on level
                    A         B        C        D         E        F      G
               +---------+---------+-------+---------+---------+-------+---------
         Total |       0 |     696 |   0.0 |       0 |      83 |   0.0 |  3470
               +---------+---------+-------+---------+---------+-------+---------
           D:1 |       0 |      33 |   0.0 |       0 |      19 |   0.0 |   732
           D:2 |       0 |      42 |   0.0 |       0 |      16 |   0.0 |   741
           D:3 |       0 |     161 |   0.0 |       0 |      30 |   0.0 |   879
           D:4 |       0 |     149 |   0.0 |       0 |       9 |   0.0 |   886
           D:5 |       0 |     156 |   0.0 |       0 |       5 |   0.0 |    43
           D:6 |       0 |     155 |   0.0 |       0 |       4 |   0.0 |   189
               +---------+---------+-------+---------+---------+-------+---------
